 Seeded DCSS version 0.27.1-1-g398f81649c (webtiles) character file.

Game seed: 16833236049872184031 (custom seed)

359 aster the Poker (level 6, 0/48 HPs)
             Began as a Merfolk Gladiator on Sept 12, 2021.
             Slain by Pikel (5 damage)
             ... on level 5 of the Dungeon.
             The game lasted 00:07:14 (3321 turns).

aster the Poker (Merfolk Gladiator)                 Turns: 3321, Time: 00:07:15

Health: 0/48       AC:  6    Str: 14    XL:     6   Next: 65%
Magic:  6/6        EV: 14    Int:  8    God:
Gold:   1039       SH:  0    Dex: 17    Spells: 5/5 levels left

rFire    . . .     SeeInvis .   f - +8 demon trident (venom)
rCold    . . .     Faith    .   (no shield)
rNeg     . . .     Spirit   .   b - +0 leather armour
rPois    .         Reflect  .   c - +0 helmet
rElec    .         Harm     .   (no cloak)
rCorr    .         Rampage  .   j - +1 pair of gloves {archery}
Will     .....                  (no boots)
Stlth    +.........             (no amulet)
HPRegen  0.16/turn              (no ring)
MPRegen  0.10/turn              (no ring)

@: no status effects
A: (nimble swimmer 2), mertail
a: no special abilities


You were on level 5 of the Dungeon.
You visited 1 branch of the dungeon, and saw 5 of its levels.

You collected 1039 gold pieces.

Inventory:

Hand Weapons
 f - a +8 demon trident of venom (weapon)
 p - a +2 trident of holy wrath
Missiles
 d - 3 throwing nets (quivered)
Armour
 b - a +0 leather armour (worn)
 c - a +0 helmet (worn)
 j - a +1 pair of gloves of archery (worn)
Jewellery
 i - a ring of see invisible
Scrolls
 a - a scroll of teleportation {unknown}
 g - 2 scrolls of brand weapon {unknown}
 h - 3 scrolls of identify {unknown}
 l - a scroll of enchant weapon {unknown}
 m - a scroll of vulnerability {unknown}
 n - a scroll of fear {unknown}
Potions
 e - a potion of lignification {unknown}
 k - 3 potions of heal wounds {unknown}
 o - a potion of haste


   Skills:
 + Level 3.8 Fighting
 * Level 7.3 Polearms
 + Level 3.4 Throwing
 + Level 5.5 Dodging


You had 5 spell levels left.
You didn't know any spells.
Your spell library contained the following spells:

 Spells                   Type           Power      Damage    Failure   Level
 Corona                   Hex            0%         N/A       50%         1
 Shock                    Conj/Air       0%         1d3       50%         1
 Ensorcelled Hibernation  Hex/Ice        0%         N/A       63%         2
 Portal Projectile        Hex/Tloc       0%         N/A       86%         3
 Swiftness                Air            0%         N/A       86%         3
 Tukima's Dance           Hex            0%         N/A       86%         3
 Airstrike                Air            0%         N/A       99%         4
 Blade Hands              Tmut           0%         N/A       100%        5
 Excruciating Wounds      Necr           0%         N/A       100%        5


Dungeon Overview and Level Annotations

Branches:
Dungeon (5/15)
 Temple: D:4-7

Altars:
Cheibriados
Nemelex Xobeh
Yredelemnul

Annotations:
D:5 Pikel


Innate Abilities, Weirdness & Mutations

((You are quick and stealthy near water. (Stealth+, EV+, Speed+++)))
Your lower body shifts to a powerful aquatic tail in water.


Message History

The lemure hits you!
You hit the lemure.
The lemure is heavily wounded.
The lemure hits you.
You hit the lemure.
The lemure looks as sick as possible!
The lemure is severely wounded.
The lemure hits you but does no damage.
You puncture the lemure!
You kill the lemure!
That felt strangely unrewarding.
You puncture Pikel!
Pikel is moderately wounded.
Pikel hits you with a +2 whip of flaming!
Pikel burns you.
You are too injured to fight recklessly!
You are too injured to fight recklessly!
You are too injured to fight recklessly!
You are too injured to fight recklessly!
You are too injured to fight recklessly!
You are too injured to fight recklessly!
You are too injured to fight recklessly!
You puncture Pikel!
Pikel is poisoned.
Pikel is heavily wounded.
Pikel closely misses you.
You closely miss Pikel.
Pikel is heavily wounded.
Pikel hits you with a +2 whip of flaming!
* * * LOW HITPOINT WARNING * * *
Pikel burns you.
* * * LOW HITPOINT WARNING * * *
You hit Pikel.
Pikel is severely wounded.
Pikel hits you with a +2 whip of flaming.
* * * LOW HITPOINT WARNING * * *
Pikel burns you.
* * * LOW HITPOINT WARNING * * *
You puncture Pikel!
Pikel is almost dead.
Pikel hits you with a +2 whip of flaming.
You die...

. ###. .# ... ..
#.## #. #.###.
#....
##.#.#######..#.
#.......@K55....
#...#########.##
#...# #...#####
.#######.......##
.................
########..####.##
#...# # ##.<#


You could see Pikel (very poisoned) and 2 lemures.

Vanquished Creatures
  2 lemures (D:5)
  A phantom (D:4)
  An orc priest (D:4)
  A bullfrog skeleton (D:5)
  Jessica (D:3)
  2 hound skeletons (D:4)
  6 adders
  3 gnolls (D:5)
  2 adder skeletons (D:4)
  2 worms
  3 dart slugs (D:2)
  4 orcs (D:4)
  8 ball pythons
  3 bats
  5 endoplasms
  2 giant cockroaches
  6 goblins
  7 hobgoblins
  2 quokkas
  7 frilled lizards
  7 kobolds
  8 rats
83 creatures vanquished.

Notes
Turn   | Place    | Note
-------+----------+-------------------------------------------
     0 | D:1      | aster the Merfolk Gladiator began the quest for the Orb.
     0 | D:1      | Reached XP level 1. HP: 16/16 MP: 1/1
    96 | D:1      | Reached XP level 2. HP: 22/23 MP: 2/2
   343 | D:1      | Reached skill level 5 in Polearms
   495 | D:1      | Reached XP level 3. HP: 28/28 MP: 3/3
   880 | D:1      | Found a faded altar of an unknown god.
   979 | D:1      | Identified 3 scrolls of acquirement
   979 | D:1      | Acquired a +1 pair of gloves of archery
  1177 | D:2      | Found a basalt altar of Yredelemnul.
  1234 | D:2      | Reached XP level 4. HP: 34/34 MP: 4/4
  1958 | D:2      | Acquired 890 gold pieces
  1960 | D:2      | Acquired a +8 demon trident of venom
  2170 | D:3      | Noticed Jessica
  2177 | D:3      | Killed Jessica
  2178 | D:3      | Reached skill level 6 in Polearms
  2178 | D:3      | Reached XP level 5. HP: 36/41 MP: 5/5
  2470 | D:4      | Found a sparkling altar of Nemelex Xobeh.
  2494 | D:4      | Reached skill level 5 in Dodging
  2848 | D:4      | Noticed a phantom
  2859 | D:4      | Killed a phantom
  2860 | D:4      | Reached skill level 7 in Polearms
  2860 | D:4      | Reached XP level 6. HP: 36/48 MP: 6/6
  3082 | D:4      | Found a snail-covered altar of Cheibriados.
  3284 | D:5      | Entered Level 5 of the Dungeon
  3301 | D:5      | Noticed Pikel
  3321 | D:5      | Slain by Pikel

Illustrated notes

Levels and vault maps discovered:
D:1:      dpeg_arrival_round_b, layout_basic, shapermc_ecumenical_altar_ellora
D:2:      layout_basic, basic_altar, minmay_small_reverse_x
D:3:      layout_rooms, kennysheep_jessica_study
D:4:      layout_basic, mainiacjoe_overflow_alcove_2,
          mainiacjoe_overflow_24_doors, lightli_corner_chamber
D:5:      layout_loops_ring, grunt_temple_overflow_forces_of_nature,
          uniq_menkaure, uniq_pikel, uniq_edmund, uniq_ijyb

Skill      XL: |  1  2  3  4  5 |
---------------+----------------+-----
Polearms       | 5 6 7 |  7.3
Fighting       | 3 |  3.8
Throwing       | 3 |  3.4
Dodging        | 5 |  5.5

Action                   |  1- 3 |  4- 6 || total
-------------------------+-------+-------++-------
Melee: Trident           |    84 |    62 ||   146
       Demon trident     |       |    75 ||    75
  Use: Scroll            |     1 |     2 ||     3
 Stab: Sleeping          |     2 |     1 ||     3
       Distracted        |       |     1 ||     1
Armor: Leather armour    |    21 |    24 ||    45
Dodge: Dodged            |    28 |    49 ||    77
